 Dungeon Crawl Stone Soup version 0.18-a0-1799-g6250cb2 (webtiles) character file.

676 dobroeutro the Covered (level 7, -12/44 HPs)
             Began as a Gargoyle Fighter on Apr 23, 2016.
             Killed by divine providence
             ... invoked by an orc priest
              (16 damage)
             ... on level 5 of the Dungeon.
             The game lasted 00:07:26 (3990 turns).

dobroeutro the Covered (Gargoyle Fighter)           Turns: 3990, Time: 00:07:26

Health: -12/44     AC: 24    Str: 21    XL:     7   Next: 60%
Magic:  7/7        EV:  7    Int: 12    God:
Gold:   263        SH: 10    Dex:  9    Spells: 0 memorised, 6 levels left

rFire  . . .     SeeInvis +     s - +0 flail (protect)
rCold  . . .     Gourm    .     b - +0 scale mail
rNeg   + + .     Faith    .     c - +0 shield
rPois  ∞         Spirit   .     p - +2 helmet {Int+3}
rElec  +         Dismiss  .     e - +0 cloak
rCorr  .         Reflect  .     v - +1 pair of gloves
SustAt .         Harm     .     (no boots)
MR     .....                    w - amulet of Zoigh {Regen+ SInv Stlth+}
Stlth  +.........               (no ring)
                                y - ring of positive energy

@: not resistant to hostile enchantments, very unstealthy
A: negative energy resistance 1, electricity resistance, unbreathing,
petrification resistance, rot immunity, AC +4
a: no special abilities


You were on level 5 of the Dungeon.
You were hungry.

You visited 1 branch of the dungeon, and saw 5 of its levels.

You collected 263 gold pieces.

Inventory:

Hand Weapons
 g - a +2 whip of holy wrath
 s - a +0 flail of protection (weapon)
Armour
 b - a +0 scale mail (worn)
 c - a +0 shield (worn)
 e - a +0 cloak (worn)
 p - a +2 helmet of intelligence (worn)
 v - a +1 pair of gloves (worn)
Jewellery
 w - the amulet of Zoigh (around neck) {Regen+ SInv Stlth+}
   (You found it on level 4 of the Dungeon)

   [amulet of regeneration]

   It lets you see invisible.
   It increases your rate of regeneration.
   It makes you more stealthy.
 y - a ring of positive energy (left hand)
Wands
 l - a wand of flame (19/48)
 r - a wand of iceblast (4/15)
Scrolls
 a - a scroll of recharging {unknown}
 h - 5 scrolls of identify {unknown}
 i - a scroll of enchant weapon {unknown}
 j - a scroll of noise {unknown}
 k - 3 scrolls of teleportation {unknown}
 u - a scroll of immolation {unknown}
 x - 2 scrolls of fear {unknown}
 A - a scroll of fog {unknown}
Potions
 n - 2 potions of might
 B - a potion of curing {unknown}
Books
 o - Jessica's Catalogue of the Manifold Ghosts
   (You found it on level 2 of the Dungeon)

   Spells                             Type                      Level
   a - Infusion                       Charms                       1
Comestibles
 d - 2 slices of pizza
 f - 4 bread rations
 m - 6 fruits
 q - a beef jerky
 t - a meat ration
 z - a chunk of flesh


   Skills:
 + Level 5.4 Fighting
 + Level 4.4 Maces & Flails
 + Level 5.5 Armour
 + Level 5.4 Shields


You had 6 spell levels left.
You didn't know any spells.

Dungeon Overview and Level Annotations

Branches:
Dungeon (5/15)
 Temple: D:4-7

Altars:
Cheibriados
Kikubaaqudgha
Makhleb
Zin

Annotations:
D:3 Dowan, Duvessa


Innate Abilities, Weirdness & Mutations

You are resistant to torment.
Your stone body is resilient (AC +4).
You are immune to poison.
You resist negative energy.
You are resistant to electric shocks.
You can survive without breathing.
You are immune to petrification.
You are immune to rotting.


Message History

Beogh smites you! The orc completely misses you.
You hear a shout!
You hit the jackal.
You kill the jackal!
The jackal bites you but does no damage.
The orc priest invokes the aid of Beogh against you.
Beogh smites you! The orc barely misses you. You block the jackal's attack.
You are feeling hungry.
You barely miss the jackal. You block the jackal's attack.
The orc priest invokes the aid of Beogh against you.
Beogh smites you!
* * * LOW HITPOINT WARNING * * *
The jackal bites you but does no damage.
The orc priest calls upon Beogh to heal the orc priest.
The orc priest is healed somewhat.
You block the orc's attack. You block the jackal's attack.
The jackal bites you but does no damage.
The orc priest invokes the aid of Beogh against you.
Beogh smites you!
You die...

#...# ##.##
#########.####
#####.....).(....#
#................#
.###.....≈......#
#............#
#.......#.####
#.......#@####
#...|...#ho.o+
######....h..#
#.....o.o#
#..........
#........###
#........#
#.........
#.......[..


You could see 2 orc priests, 2 orcs and 2 jackals.

Vanquished Creatures
  A sky beast (D:5)
  A centaur (D:5)
  A scorpion (D:4)
  A howler monkey (D:4)
  A giant frog skeleton (D:5)
  2 orc wizards
  Jessica (D:2)
  A centaur skeleton (D:4)
  An iguana (D:4)
  Terence (D:2)
  A hound skeleton (D:4)
  Robin (D:2)
  7 adders
  A shadow imp (D:5)
  2 oozes
  2 worms (D:3)
  5 dart slugs
  4 giant geckos
  7 orcs
  11 bats
  4 giant cockroaches
  17 goblins
  6 hobgoblins
  3 jackals
  A quokka (D:2)
  3 ball pythons
  A giant gecko zombie (D:3)
  2 giant newts
  8 kobolds
  3 rats
100 creatures vanquished.

Vanquished Creatures (others)
  A human (D:4)
1 creature vanquished.

Grand Total: 101 creatures vanquished

Notes
Turn   | Place    | Note
--------------------------------------------------------------
     0 | D:1      | dobroeutro the Gargoyle Fighter began the quest for the Orb.
     0 | D:1      | Reached XP level 1. HP: 14/14 MP: 1/1
   122 | D:1      | Reached XP level 2. HP: 19/19 MP: 2/2
   403 | D:1      | Reached XP level 3. HP: 22/24 MP: 3/3
   996 | D:2      | Noticed Terence
  1018 | D:2      | Killed Terence
  1018 | D:2      | Reached XP level 4. HP: 17/29 MP: 4/4
  1069 | D:2      | Noticed Robin
  1122 | D:2      | HP: 1/29 [goblin/club[Robin] (3)]
  1123 | D:2      | Killed Robin
  1123 | D:2      | Reached XP level 5. HP: 1/33 MP: 5/5
  1838 | D:2      | Noticed Jessica
  1862 | D:2      | Killed Jessica
  1872 | D:2      | Identified Jessica's Catalogue of the Manifold Ghosts
  2317 | D:3      | Found a snail-covered altar of Cheibriados.
  2317 | D:3      | Found a burning altar of Makhleb.
  2515 | D:3      | Reached XP level 6. HP: 30/39 MP: 6/6
  2976 | D:4      | Noticed Dowan
  2985 | D:4      | Noticed Duvessa
  3354 | D:4      | Found an ancient bone altar of Kikubaaqudgha.
  3526 | D:4      | Reached skill level 5 in Fighting
  3538 | D:4      | Got a bound jade amulet
  3539 | D:4      | Identified the amulet of Zoigh {Regen+ SInv Stlth+} (You found it on level 4 of the Dungeon)
  3557 | D:4      | Found a glowing silver altar of Zin.
  3700 | D:4      | Reached skill level 5 in Armour
  3700 | D:4      | Reached XP level 7. HP: 44/44 MP: 7/7
  3714 | D:4      | Noticed a human
  3716 | D:4      | Killed a human
  3741 | D:5      | Entered Level 5 of the Dungeon
  3846 | D:5      | Reached skill level 5 in Shields
  3990 | D:5      | Killed from afar by an orc priest

Vault maps used:
D:1:      onia_arrival_pentagram
D:2:      first_bread, kennysheep_jessica_study, uniq_robin, uniq_terence
D:3:      wad_pebble_path, gammafunk_temple_overflow_statue, serial_bayou_pond_c
D:4:      zin_scriptorium, tgw_kikubaaqudgha, uniq_duvessa
D:5:      kennysheep_flooded_box, uniq_menkaure, uniq_eustachio, uniq_sigmund

Skill      XL: |  1  2  3  4  5  6  7 |
---------------+----------------------+-----
Fighting       | 4 5 |  5.4
Shields        | 4 5 |  5.4
Maces & Flails | 3 4 |  4.4
Armour         | 4 5 |  5.5

Action                   |  1- 3 |  4- 6 |  7- 9 || total
-------------------------+-------+-------+-------++-------
Melee: Flail             |   115 |   237 |    78 ||   430
       Whip              |       |    76 |       ||    76
  Use: Potion            |       |     3 |       ||     3
  Eat: Chunk             |       |     8 |     1 ||     9
       Pizza             |       |     1 |       ||     1
Armor: Scale mail        |    59 |   243 |    73 ||   375
Dodge: Dodged            |    40 |   126 |    26 ||   192
Block: Shield            |    60 |   235 |    61 ||   356
